AoeStats
← 十年老兵

Nomad

509890013Analyzed
2v2 RM · 5d ago on Sep 28, 2026· 22m 9s· 4 players
Game mode
Random Map
Map size
176×176
Population
200
Speed
Normal
Resources
Standard
Victory
Conquest
Starting age
Dark Age
Ending age
Imperial Age
RankedLock teamsTeams togetherTeam positionsShared explorationLock speedFull tech treeHidden civsTurbo modeCheats
Victory
Defeat
🇯🇵 Japanese · Japan
889
+15
🇹🇷 Sicilians · Türkiye
883
+15
🇨🇳 Franks · China
866
-15
🇨🇳 Mongols · China
859
-15
十年老兵
12:43 Feudal Age
15:20 Horse Collar
17:31 Loom
3129902668
8:04 Loom
15:07 Feudal Age
15:54 Double-Bit Axe
23:39 Castle Age
22:08 Gold Mining
22:10 Stone Mining
40plus
4:43 Loom
12:37 Feudal Age
15:01 Wheelbarrow
15:32 Fishing Lines
19:00 Castle Age
18:26 Double-Bit Axe
18:38 Gold Mining
21:00 Gillnets
Jojo
3:48 Loom
13:32 Feudal Age
13:37 Man-at-Arms
15:11 Wheelbarrow
14:59 Arson
15:37 Double-Bit Axe
15:34 Horse Collar
17:16 Fishing Lines
18:32 Gold Mining
22:21 Fletching
Connection lost

Rejoining the realm…

Still unreachable

The connection could not be restored.

Session expired

The server has moved on; the page needs a fresh start.